 Dungeon Crawl Stone Soup version 0.19-a0-1007-g133f65f (webtiles) character file.

205 khekkus the Firebug (level 5, -1/32 HPs)
             Began as a High Elf Fire Elementalist on July 19, 2016.
             Slain by a quokka (5 damage)
             ... on level 3 of the Dungeon.
             The game lasted 00:15:27 (4593 turns).

khekkus the Firebug (High Elf Fire Elementalist)    Turns: 4593, Time: 00:15:28

Health: -1/32      AC:  2    Str:  7    XL:     5   Next: 52%
Magic:  8/10       EV: 12    Int: 19    God:
Gold:   120        SH:  0    Dex: 16    Spells: 3 memorised, 4 levels left

rFire  . . .     SeeInvis .     d - +1 dagger
rCold  . . .     Gourm    .     a - +0 robe
rNeg   . . .     Faith    .     (no shield)
rPois  .         Spirit   .     (no helmet)
rElec  .         Dismiss  .     (no cloak)
rCorr  .         Reflect  .     (no gloves)
SustAt .         Harm     .     (no boots)
MR     .....                    (no amulet)
Stlth  ++........               (no ring)
                                (no ring)

@: drained, not resistant to hostile enchantments, unstealthy
A: no striking features
a: no special abilities


You were on level 3 of the Dungeon.
You were hungry.

You visited 1 branch of the dungeon, and saw 4 of its levels.

You collected 120 gold pieces.

Inventory:

Hand Weapons
 d - a +1 dagger (weapon)
Armour
 a - a +0 robe (worn)
Scrolls
 e - a scroll of remove curse
 h - a scroll of teleportation
 j - a scroll of identify
 l - a scroll of enchant armour {unknown}
 p - a scroll of fear {unknown}
Potions
 f - 2 potions of degeneration
 m - a potion of resistance
Books
 b - a book of Flames

   Spells                             Type                      Level
   a - Flame Tongue                   Conjuration/Fire             1
   b - Throw Flame                    Conjuration/Fire             2
   c - Conjure Flame                  Conjuration/Fire             3
   d - Inner Flame                    Hexes/Fire                   3
   e - Sticky Flame                   Conjuration/Fire             4
   f - Fireball                       Conjuration/Fire             5
Comestibles
 c - 2 bread rations
 g - 3 fruits
 k - a beef jerky
 n - 2 meat rations


   Skills:
 - Level 0.8(0.4) Fighting
 - Level 0.2(0.0) Short Blades
 - Level 2.1(1.8) Dodging
 - Level 2.1(1.8) Stealth
 + Level 3.3(2.9) Spellcasting
 - Level 3.3(3.0) Conjurations
 - Level 4.9(4.5) Fire Magic


You had 4 spell levels left.
You knew the following spells:

 Your Spells              Type           Power        Failure   Level  Hunger
a - Flame Tongue          Conj/Fire      ###..        3%          1    None
b - Throw Flame           Conj/Fire      ###...       6%          2    ##.....
c - Conjure Flame         Conj/Fire      ###.....     12%         3    ###....


Dungeon Overview and Level Annotations

Branches:
Dungeon (4/15)
 Temple: D:4-7

Altars:
Cheibriados
Dithmenos
Nemelex Xobeh
Trog


Message History

The giant cockroach bites you. The quokka bites you.
* * * LOW HITPOINT WARNING * * *
You are too injured to fight recklessly!
You are too injured to fight recklessly!
Casting: Flame Tongue
Confirm with . or Enter, or press ? or * to list all spells.
Aiming: Flame Tongue
Press: ? - help, Shift-Dir - straight line, f - giant cockroach
Aim: a giant cockroach (moderately wounded)
The flame tongue hits the giant cockroach.
You kill the giant cockroach!
The quokka bites you.
* * * LOW HITPOINT WARNING * * *
Casting: Flame Tongue
Confirm with . or Enter, or press ? or * to list all spells.
Aiming: Flame Tongue
Press: ? - help, Shift-Dir - straight line, f - quokka
Aim: a quokka The flame tongue misses the quokka.
The quokka bites you.
You die...

##....########.......
##..................
##................#
#...#.............
#########................
#..........##...........#
#..........##..##########
#........r.......#######
#.......@..............##
#..........##....##.##...
#########.###.........###
#####≈≈# #.#
####...#...## ##§#⌠##≈#
#.# ##..#.#... #≈§≈≈≈#§#
#.# #....###. ##§§..≈#≈#
#.# #.#......
#⌠≈...§#≈###.# #.##...#.
##≈._..'..##.#
###.####.#)


You could see a quokka.

Vanquished Creatures
  A wight (D:4)
  A worker ant (D:4)
  3 adders (D:2)
  3 oozes
  2 worms (D:2)
  2 dart slugs
  2 giant geckos
  10 orcs
  A ball python (D:2)
  7 bats
  2 giant cockroaches
  7 goblins
  9 hobgoblins
  2 jackals (D:2)
  2 quokkas (D:2)
  5 giant newts
  10 kobolds
  6 rats
75 creatures vanquished.

Notes
Turn   | Place    | Note
-------+----------+-------------------------------------------
     0 | D:1      | khekkus the High Elf Fire Elementalist began the quest for the Orb.
     0 | D:1      | Reached XP level 1. HP: 11/11 MP: 4/4
   403 | D:1      | Reached XP level 2. HP: 17/17 MP: 4/6
   510 | D:1      | Learned a level 2 spell: Throw Flame
   885 | D:1      | Reached skill level 4 in Fire Magic
  1159 | D:1      | Reached XP level 3. HP: 21/21 MP: 5/7
  1556 | D:2      | Learned a level 3 spell: Conjure Flame
  1816 | D:2      | Found a shadowy altar of Dithmenos.
  2276 | D:2      | Reached XP level 4. HP: 23/27 MP: 1/8
  2340 | D:2      | Found a sparkling altar of Nemelex Xobeh.
  3614 | D:3      | Found a snail-covered altar of Cheibriados.
  4158 | D:3      | Found a bloodstained altar of Trog.
  4183 | D:4      | Noticed an ogre
  4331 | D:4      | Reached XP level 5. HP: 32/32 MP: 1/9
  4527 | D:4      | Noticed an ogre
  4593 | D:3      | Slain by a quokka

Vault maps used:
D:1:      nicolae_arrival_memento_mori
D:2:      lemuel_round_altar, nemelex_spade_bored_becter
D:3:      nicolae_overflow_hidden_temple, lightli_temple_of_fire,
          cheibriados_altar_1
D:4:      gammafunk_temple_overflow_wave

Skill      XL: |  1  2  3  4  5 |
---------------+----------------+-----
Fire Magic     | 4 |  4.9
Conjurations   | 2 3 |  3.3
Spellcasting   | 3 |  3.3
Fighting       | |  0.8
Short Blades   | |  0.2
Dodging        | |  2.1
Stealth        | |  2.1

Action                   |  1- 3 |  4- 6 || total
-------------------------+-------+-------++-------
Melee: Dagger            |    64 |    43 ||   107
 Cast: Flame Tongue      |    53 |    71 ||   124
       Conjure Flame     |     3 |     6 ||     9
  Use: Scroll            |       |     8 ||     8
       Potion            |       |     4 ||     4
 Stab: Sleeping          |     2 |       ||     2
  Eat: Chunk             |     5 |     7 ||    12
Armor: Robe              |    17 |    23 ||    40
Dodge: Dodged            |    48 |    96 ||   144
